 Dungeon Crawl Stone Soup version 0.30-a0-1050-g2766ea1e55 (webtiles) character file.

Game seed: 8199009802066222331

979 Arcadio the Merchant of Misery (level 8, -1/52 HPs)
             Began as a Human Necromancer on Apr 10, 2023.
             Was a Believer of Kikubaaqudgha.
             Slain by a gnoll
             ... wielding a +0 flail
              (10 damage)
             ... on level 4 of the Dungeon.
             The game lasted 00:14:56 (5149 turns).

Arcadio the Merchant of Misery (Human Necromancer)  Turns: 5149, Time: 00:14:57

Health: -1/52      AC:  4    Str:  9    XL:     8   Next: 40%
Magic:  3/15       EV: 14    Int: 18    God:    Kikubaaqudgha [**....]
Gold:   175        SH:  0    Dex: 13    Spells: 3/17 levels left

rFire   . . .      SeeInvis .    i - +2 dagger (venom)
rCold   . . .      Faith    .    (no shield)
rNeg    + . .      Spirit   .    a - +0 robe
rPois   .          Reflect  .    l - +0 helmet
rElec   .          Rampage  .    q - scarf {shadows}
rCorr   .                        g - +0 pair of gloves
Will    .....                    (no boots)
Stlth   ++                       (no amulet)
HPRegen 0.28/turn                j - ring of positive energy
MPRegen 0.14/turn                (no ring)

@: animating dead
A: no striking features
a: Renounce Religion, Unearth Wretches


You were on level 4 of the Dungeon.
You worshipped Kikubaaqudgha.
Kikubaaqudgha was pleased with you.
You visited 1 branch of the dungeon, and saw 4 of its levels.

You collected 175 gold pieces.

Inventory:

Hand Weapons
 c - a +0 dagger
 i - a +2 dagger of venom (weapon)
 r - a +0 dagger of draining
 s - a +0 vampiric whip
Armour
 a - a +0 robe (worn)
 g - a +0 pair of gloves (worn)
 k - a +0 ring mail
 l - a +0 helmet (worn)
 q - a scarf of shadows (worn)
Jewellery
 j - a ring of positive energy (left hand)
Scrolls
 b - a scroll of blinking {unknown}
 d - 2 scrolls of vulnerability
 e - a scroll of poison {unknown}
 f - a scroll of enchant weapon {unknown}
 h - 2 scrolls of fog
 n - a scroll of immolation {unknown}
 o - a scroll of enchant armour {unknown}
 t - a scroll of amnesia {unknown}
Potions
 m - a potion of curing
 p - a potion of flight
 u - a potion of cancellation {unknown}
 v - a potion of lignification {unknown}
 w - a potion of heal wounds {unknown}


   Skills:
 + Level 5.6 Dodging
 - Level 2.0 Stealth
 + Level 5.1 Spellcasting
 + Level 6.6 Necromancy


You had 3 spell levels left.
You knew the following spells:

 Your Spells              Type           Power      Damage    Failure   Level
a - Necrotise             Necr           100%       1d9       1%          1
b - Vampiric Draining     Necr           28%        2d8       2%          3
c - Animate Dead          Necr           28%        N/A       9%          4
d - Sublimation of Blood  Necr           28%        N/A       1%          2
e - Dispel Undead         Necr           28%        3d13      9%          4

Your spell library contained the following spells:

 Spells                   Type           Power      Damage    Failure   Level
 Cigotuvi's Dreadful Rot  Necr/Pois/Air  24%        N/A       8%          2
 Slow                     Hex            16%        N/A       13%         1
 Confusing Touch          Hex            4%         N/A       36%         3
 Agony                    Necr           28%        N/A       24%         5
 Death Channel            Necr           14%        N/A       80%         6


Dungeon Overview and Level Annotations

Branches:
Dungeon (4/15) Zot: 18846
 Temple: D:4-7

Altars:
Cheibriados
Dithmenos
Elyvilon
Kikubaaqudgha
Okawaru
Trog
Vehumet
Wu Jian
Xom

Annotations:
D:3 2 transporters, Sermion's ghost, amateur HOBe


Message History

The gnoll barely misses your gnoll zombie.
Your howler monkey zombie closely misses the gnoll.
The gnoll hits your gnoll zombie with a +0 flail!
Your gnoll zombie is destroyed!
Your howler monkey zombie barely misses the gnoll.
The gnoll shouts!
The gnoll closely misses your hound zombie.
Your hound zombie bites the gnoll but does no damage.
Your howler monkey zombie hits the gnoll.
The gnoll hits your howler monkey zombie with a +0 flail!
Your hound zombie bites the gnoll.
The gnoll dies!
Kikubaaqudgha accepts your kill.
The dead are walking!
Your howler monkey zombie hits the gnoll but does no damage.
The gnoll hits your hound zombie with a +0 spear.
Your howler monkey zombie hits the gnoll.
Your hound zombie bites the gnoll.
The gnoll barely misses your hound zombie.
Your hound zombie bites the gnoll but does no damage.
Your howler monkey zombie barely misses the gnoll.
The gnoll closely misses your hound zombie.
Your hound zombie bites the gnoll.
Your howler monkey zombie barely misses the gnoll.
The gnoll hits your hound zombie with a +0 spear.
Your hound zombie bites the gnoll.
Your howler monkey zombie closely misses the gnoll.
Your hound zombie bites the gnoll.
The gnoll dies!
Kikubaaqudgha accepts your kill.
The dead are walking!
You hit the gnoll.
The gnoll is poisoned.
The gnoll is moderately wounded.
The gnoll hits you with a +0 flail!
* * * LOW HITPOINT WARNING * * *
You closely miss the gnoll.
The gnoll is heavily wounded.
The gnoll hits you with a +0 flail!
You die...
Kikubaaqudgha rasps: "You have failed me!
Welcome... death!"

~~~≈≈~~~~~~~~~~~~~~~~~~~~~≈#####≈
...........................#...#≈
############################...#≈
#'###≈ ############### #.~≈
...#8..8#......# #.≈≈
...'....'..8# .##' #.~≈
..'....g)Z8#..Z.. #.~~
..#....#@.ZZ).... #.~≈
#....#########' #.~≈ #....# #.~≈
#....# #.≈≈ #....# #'###≈
###########''''#############...#≈
...........................#.g.#≈
~~~≈~~≈~~~~....~~~~≈~~~≈~≈~#####≈
≈~≈≈≈≈≈≈≈≈~....≈≈≈≈[≈≈≈≈≈≈≈≈≈≈≈≈≈


You could see a gnoll (very poisoned, ally target), a friendly hound zombie, 2
friendly gnoll zombies and a friendly howler monkey zombie.

Vanquished Creatures
  A black bear (D:3)
  An ogre (D:4)
  4 howler monkeys (D:4)
  3 hounds (D:4)
  2 gnoll boudas (D:4)
  An orc wizard (D:3)
  25 gnolls
  5 adders
  An ufetubus (D:4)
  2 worms (D:3)
  3 dart slugs
  17 orcs
  5 ball pythons
  9 bats
  8 endoplasms
  2 giant cockroaches (D:1)
  3 goblins
  7 hobgoblins
  23 jackals
  8 kobolds
  2 quokkas (D:1)
  2 frilled lizards
  10 rats
144 creatures vanquished.

Vanquished Creatures (collateral kills)
  2 gnolls (D:4)
  An endoplasm (D:2)
  2 jackals
5 creatures vanquished.

Vanquished Creatures (others)
  4 gnoll zombies (D:4)
  An orc zombie (D:4)
  6 plants (D:3)
11 creatures vanquished.

Grand Total: 160 creatures vanquished

Notes
Turn   | Place    | Note
-------+----------+-------------------------------------------
     0 | D:1      | Arcadio the Human Necromancer began the quest for the Orb.
     0 | D:1      | Reached XP level 1. HP: 13/13 MP: 3/3
   143 | D:1      | Reached XP level 2. HP: 16/19 MP: 5/5
   330 | D:1      | Reached XP level 3. HP: 20/24 MP: 0/6
  1287 | D:2      | Reached XP level 4. HP: 29/30 MP: 7/7
  1876 | D:3      | Learned a level 3 spell: Vampiric Draining
  1881 | D:3      | Learned a level 4 spell: Animate Dead
  2014 | D:3      | Found a snail-covered altar of Cheibriados.
  2018 | D:3      | Found a white marble altar of Elyvilon.
  2020 | D:3      | Found an ornate altar of the Wu Jian Council.
  2022 | D:3      | Found a bloodstained altar of Trog.
  2026 | D:3      | Found an iron altar of Okawaru.
  2027 | D:3      | Found a radiant altar of Vehumet.
  2032 | D:3      | Found a shimmering altar of Xom.
  2034 | D:3      | Found an ancient bone altar of Kikubaaqudgha.
  2040 | D:3      | Became a worshipper of Kikubaaqudgha
  2240 | D:3      | Noticed Sermion's ghost (amateur HOBe)
  2263 | D:3      | Reached XP level 5. HP: 30/35 MP: 9/9
  2333 | D:3      | Found a transporter.
  2597 | D:3      | Found a faded altar of an unknown god.
  2617 | D:3      | Found a transporter.
  2806 | D:4      | Noticed a black bear
  2878 | D:3      | Killed a black bear
  2879 | D:3      | Reached skill level 5 in Necromancy
  2879 | D:3      | Reached XP level 6. HP: 31/41 MP: 3/11
  3667 | D:3      | Reached * piety under Kikubaaqudgha
  3667 | D:3      | Received a gift from Kikubaaqudgha
  3842 | D:4      | Found a shadowy altar of Dithmenos.
  3916 | D:4      | Reached XP level 7. HP: 45/46 MP: 11/13
  4180 | D:4      | Learned a level 2 spell: Sublimation of Blood
  4185 | D:4      | Learned a level 4 spell: Dispel Undead
  4612 | D:4      | Reached ** piety under Kikubaaqudgha
  4621 | D:4      | Reached skill level 5 in Dodging
  4621 | D:4      | Reached skill level 6 in Necromancy
  4684 | D:4      | Reached XP level 8. HP: 42/52 MP: 0/15
  5116 | D:4      | Reached skill level 5 in Spellcasting
  5149 | D:4      | Slain by a gnoll

Illustrated notes

Levels and vault maps discovered:
D:1:      lightli_molten_gateway, layout_loops_ring
D:2:      layout_rooms
D:3:      cheibrodos_helix_gallery, layout_loops_ring,
          nicolae_overflow_hallway_of_the_gods, ebering_ecumenical_altar_ruins,
          gammafunk_ghost_gnarly_gnolls, minmay_misc_feat_square
D:4:      lemuel_castle_with_subvaults [lemuel_castle_interior_carwin_2],
          layout_cave_pools, mainiacjoe_overflow_brackets

Skill      XL: |  1  2  3  4  5  6  7  8 |
---------------+-------------------------+-----
Dodging        | 3 4 5 |  5.6
Spellcasting   | 3 4 5 |  5.1
Necromancy     | 5 6 |  6.6
Stealth        | |  2.0

Action                     |  1- 3 |  4- 6 |  7- 9 || total
---------------------------+-------+-------+-------++-------
  Melee: Dagger            |    54 |   104 |   117 ||   275
         Unarmed           |     4 |       |       ||     4
         Punch             |       |     1 |     2 ||     3
   Cast: Necrotise         |    32 |    43 |    61 ||   136
         Vampiric Draining |       |    16 |    11 ||    27
         Animate Dead      |       |       |     2 ||     2
    Use: Scroll            |       |     6 |       ||     6
         Potion            |       |     1 |     1 ||     2
   Stab: Sleeping          |     3 |     1 |       ||     4
 Armour: Robe              |    13 |    29 |    20 ||    62
  Dodge: Dodged            |    40 |    91 |    96 ||   227

Table legend: (Time is in decaauts)
 A = Elapsed time spent in this place.
 B = Non-inter-level travel time spent in this place.
 C = Inter-level travel time spent in this place.
 D = Time resting spent in this place.
 E = Time spent auto-exploring this place.
 F = Levels seen in this place.
 G = Mean time per level.
                   A        B        C        D        E       F      G
               +--------+--------+--------+--------+--------+-----+--------+
         Total |   5153 |   4990 |    163 |    913 |   2917 |   4 | 1288.2 |
       Dungeon |   5153 |   4990 |    163 |    913 |   2917 |   4 | 1288.2 |
               +--------+--------+--------+--------+--------+-----+--------+

Top non-repeatable levels by time:
     D:3: 1970 daAuts
     D:4: 1332 daAuts
     D:1: 1270 daAuts
     D:2: 579 daAuts
